AoeStats
← SSBARTO EL MANO LARGA

Arena

510258526Analyzed
4v4 RM · 9h ago on Sep 30, 2026· 38m 45s· 8 players
Game mode
Random Map
Map size
Large (8 player)
Population
200
Speed
Normal
Resources
Standard
Victory
Conquest
Starting age
Dark Age
Ending age
Imperial Age
RankedLock teamsTeams togetherTeam positionsShared explorationLock speedFull tech treeHidden civsTurbo modeCheats
Victory
Defeat
🇲🇽 Poles · Mexico
1595
+10
🇲🇽 Bohemians · Mexico
1521
+13
🇺🇸 Bengalis · United States
1507
+14
🇭🇳 Spanish · Honduras
1364
+19
🇺🇸 Magyars · United States
1483
-15
🇩🇪 Cumans · Germany
1474
-15
🇨🇳 Goths · China
1462
-14
🇻🇳 Saracens · Vietnam
1402
-12
MooSpecial
10:17 Feudal Age
9:20 Loom
14:32 Castle Age
13:00 Double-Bit Axe
15:28 Bow Saw
16:43 Horse Collar
21:11 Fletching
22:14 Bodkin Arrow
22:19 Padded Archer Armor
25:37 Wheelbarrow
30:12 Imperial Age
27:49 Gold Mining
27:50 Stone Mining
29:05 Hand Cart
28:35 Town Watch
29:03 Heavy Plow
29:48 Gold Shaft Mining
30:05 Leather Archer Armor
30:38 Ballistics
30:24 Scale Mail Armor
30:55 Thumb Ring
30:34 Heavy Cavalry Archer
31:44 Parthian Tactics
32:21 Bracer
33:24 Chemistry
33:25 Two-Man Saw
32:56 Crop Rotation
34:05 Two-Man Saw
33:50 Ring Archer Armor
33:47 Chain Mail Armor
32:57 Pikeman
33:24 Arson
120057903
10:10 Feudal Age
13:51 Castle Age
12:16 Double-Bit Axe
12:26 Horse Collar
15:38 Bow Saw
20:41 Loom
20:42 Town Watch
25:25 Wheelbarrow
29:04 Heavy Plow
30:56 Hand Cart
32:37 Stone Mining
dustbin
10:07 Feudal Age
14:48 Castle Age
13:16 Double-Bit Axe
13:31 Horse Collar
15:46 Bow Saw
16:43 Heavy Plow
17:20 Wheelbarrow
22:45 Hand Cart
23:52 Gold Mining
23:52 Stone Mining
25:55 Scale Barding Armor
26:01 Forging
29:36 Imperial Age
27:32 Chain Barding Armor
28:17 Husbandry
28:28 Bloodlines
29:38 Iron Casting
29:20 Fervor
29:33 Ballistics
29:48 Onager
31:04 Plate Barding Armor
31:33 Chemistry
31:37 Conscription
32:32 Two-Man Saw
31:22 Elite Mameluke
33:34 Blast Furnace
32:59 Loom
33:51 Masonry
34:18 Hoardings
34:08 Caravan
34:14 Siege Onager
36:00 Counterweights
36:48 Gold Shaft Mining
Tsunade
8:50 Feudal Age
9:19 Double-Bit Axe
9:16 Horse Collar
19:25 Castle Age
18:49 Scale Barding Armor
19:24 Forging
20:28 Wheelbarrow
20:18 Bloodlines
20:29 Chain Barding Armor
20:40 Bow Saw
21:58 Loom
22:01 Town Watch
23:56 Capped Ram
25:30 Gold Mining
32:02 Fletching
32:48 Iron Casting
33:46 Hand Cart
SSBARTO EL MANO LARGA
9:31 Loom
11:16 Feudal Age
12:32 Double-Bit Axe
15:44 Castle Age
13:27 Horse Collar
16:57 Bow Saw
20:22 Fletching
21:36 Bodkin Arrow
22:28 Forging
25:13 Pikeman
27:47 Fervor
29:29 Iron Casting
35:01 Imperial Age
33:11 Heavy Plow
34:54 Chemistry
35:38 Houfnice
37:42 Two-Man Saw
39:16 Blast Furnace
39:02 Siege Engineers
Francisco Morazán
10:32 Feudal Age
10:33 Loom
14:18 Castle Age
12:54 Double-Bit Axe
14:48 Horse Collar
17:19 Padded Archer Armor
19:45 Leather Archer Armor
24:30 Bow Saw
24:45 Gold Mining
26:55 Fletching
36:51 Imperial Age
34:58 Wheelbarrow
36:12 Stone Mining
38:04 Conscription
Wazded
10:30 Feudal Age
14:21 Castle Age
12:13 Horse Collar
12:23 Double-Bit Axe
12:38 Horse Collar
15:17 Heavy Plow
17:00 Loom
17:02 Town Watch
21:08 Bow Saw
22:30 Wheelbarrow
22:50 Forging
22:58 Gold Mining
23:20 Arson
24:17 Hand Cart
24:06 Squires
24:33 Stone Mining
28:36 Imperial Age
27:18 Stone Shaft Mining
27:14 Scale Mail Armor
27:56 Szlachta Privileges
28:04 Husbandry
28:15 Bloodlines
28:15 Scale Barding Armor
29:23 Chain Barding Armor
28:43 Cavalier
30:03 Crop Rotation
30:58 Capped Ram
31:50 Siege Ram
33:20 Iron Casting
Ivbin Jirginov
10:16 Feudal Age
14:29 Castle Age
12:24 Horse Collar
12:50 Double-Bit Axe
17:25 Wheelbarrow
18:18 Bow Saw
18:10 Loom
20:20 Town Watch
21:19 Heavy Plow
22:07 Gold Mining
27:21 Imperial Age
25:36 Hand Cart
25:24 Fletching
26:17 Bodkin Arrow
26:23 Padded Archer Armor
27:17 Bloodlines
27:07 Husbandry
27:56 Leather Archer Armor
28:05 Bracer
28:45 Ballistics
29:32 Chemistry
30:07 Ring Archer Armor
29:37 Elite Elephant Archer
31:36 Paiks
32:37 Conscription
32:36 Murder Holes
32:57 Masonry
35:30 Siege Engineers
36:08 Mahayana
38:40 Two-Man Saw
Connection lost

Rejoining the realm…

Still unreachable

The connection could not be restored.

Session expired

The server has moved on; the page needs a fresh start.